 Dungeon Crawl Stone Soup version 0.23.2-40-g277498a001 (console) character file.

Game seed: 7286268966205062616

15099 Cab the Artisan of Death (level 11, -2/74 HPs)
             Began as a Mummy Necromancer on Oct 8, 2019.
             Was a Priest of Kikubaaqudgha.
             Slain by an eight-headed hydra (14 damage)
             ... on level 2 of the Lair of Beasts.
             The game lasted 01:16:24 (14991 turns).

Cab the Artisan of Death (Mummy Necromancer)       Turns: 14991, Time: 01:16:26

Health: -2/74      AC:  6    Str: 16    XL:     11   Next: 97%
Magic:  20/28      EV: 12    Int: 17    God:    Kikubaaqudgha [***...]
Gold:   600        SH:  4    Dex: 15    Spells: 13/36 levels left

rFire    x . .     SeeInvis .   m - +5 dagger (drain)
rCold    + + .     Gourm    .   (no shield)
rNeg     + + +     Faith    .   r - +1 steam dragon scales "Qeih" {rElec rC+ rN+ Str+3}
rPois    ∞         Spirit   .   (no helmet)
rElec    +         Reflect  +   (no cloak)
rCorr    +         Harm     .   (no gloves)
MR       +....                  (no boots)
Stlth    ++........             l - +4 amulet of reflection
HPRegen  0.22/turn              g - +3 ring of dexterity
MPRegen  0.21/turn              n - ring of resist corrosion

@: no status effects
A: no food or potions, fire vulnerability, cold resistance 1, negative energy
resistance 3, torment resistance, unbreathing
a: Receive Corpses, Renounce Religion


You were on level 2 of the Lair of Beasts.
You worshipped Kikubaaqudgha.
Kikubaaqudgha was most pleased with you.
You were not hungry.

You visited 3 branches of the dungeon, and saw 13 of its levels.

You collected 600 gold pieces.

Inventory:

Hand Weapons
 m - a +5 dagger of draining (weapon)
Armour
 r - the +1 steam dragon scales "Qeih" (worn) {rElec rC+ rN+ Str+3}
   (You found it on level 9 of the Dungeon)

   It affects your strength (+3).
   It protects you from cold.
   It insulates you from electricity.
   It protects you from negative energy.
Jewellery
 g - a +3 ring of dexterity (left hand)
 l - a +4 amulet of reflection (around neck)
 n - a ring of resist corrosion (right hand)
Wands
 a - a wand of polymorph (5)
 e - a wand of acid (1)
 i - a wand of iceblast (12)
 p - a wand of random effects (35)
 s - a wand of scattershot (6)
 t - a wand of flame (13)
Scrolls
 b - 9 scrolls of identify
 c - 4 scrolls of teleportation
 d - a scroll of amnesia
 f - 2 scrolls of blinking
 h - 3 scrolls of remove curse
 j - 4 scrolls of magic mapping
 k - 4 scrolls of fog
 q - a scroll of summoning
Miscellaneous
 u - a sack of spiders


   Skills:
 + Level 2.6 Fighting
 - Level 1.5 Dodging
 - Level 1.5 Stealth
 + Level 13.4 Spellcasting
 * Level 15.1 Necromancy
 + Level 1.2 Evocations


You had 13 spell levels left.
You knew the following spells:

 Your Spells              Type           Power        Failure   Level  Hunger
a - Pain                  Necr           ####         0%          1    N/A
b - Vampiric Draining     Necr           ######....   1%          3    N/A
c - Animate Dead          Necr           N/A          1%          4    N/A
d - Dispel Undead         Necr           ######..     1%          5    N/A
e - Agony                 Necr           ######..     1%          5    N/A
f - Borgnjor's Vile Clut  Necr/Erth      #####.....   7%          5    N/A

Your spell library contained the following spells:

 Spells                   Type           Power        Failure   Level  Hunger
 Animate Skeleton         Necr           N/A          0%          1    N/A
 Corpse Rot               Necr           N/A          1%          2    N/A
 Apportation              Tloc           ##....       6%          1    N/A
 Confusing Touch          Hex            ##....       6%          1    N/A
 Summon Small Mammal      Summ           ##..         6%          1    N/A
 Excruciating Wounds      Chrm/Necr      #####.....   8%          5    N/A
 Stone Arrow              Conj/Erth      ##....       19%         3    N/A
 Leda's Liquefaction      Hex/Erth       ##........   52%         4    N/A
 Summon Forest            Summ/Tloc      ##........   86%         5    N/A
 Summon Hydra             Summ           ##........   100%        7    N/A
 Regeneration             Chrm/Necr      Unusable     N/A         3    N/A
 Hydra Form               Tmut           Unusable     N/A         6    N/A

Dungeon Overview and Level Annotations

Branches:
Dungeon (10/15)            Temple (1/1) D:6            Lair (2/6) D:9
    Orc (0/2) D:9
  Swamp: Lair:2-4    Shoals: Lair:2-4     Snake: Lair:2-4    Spider: Lair:2-4

Altars:
Cheibriados
Dithmenos
Elyvilon
Fedhas
Gozag
Hepliaklqana
Kikubaaqudgha
Makhleb
Nemelex Xobeh
Okawaru
Qazlal
Ru
Sif Muna
Trog
Uskayaw
Vehumet
Wu Jian
Xom
Yredelemnul
Zin
The Shining One

Shops:
D:6 }

Annotations:
D:3 1 runed translucent door, Sennar25's ghost, amateur CeHu
D:8 2 transporters, harness's ghost, novice FeSu
Lair:1 exclusion: oklob plant


Innate Abilities, Weirdness & Mutations

You do not eat or drink.
Your flesh is vulnerable to fire.
You are immune to poison.
Your flesh is cold resistant. (rC+)
You are immune to negative energy. (rN+++)
You are immune to unholy pain and torment.
You can survive without breathing.


Message History

Okay, then.
Casting: Animate Dead (safe; 1% risk of failure)
Confirm with . or Enter, or press ? or * to list all spells.
Aiming: Agony (safe; 1% risk of failure)
Press: ? - help, Shift-Dir - straight line Something is bathed in an unholy light!
Something bites you. x2
Something bites you but does no damage. Something bites you!
Something barely misses you. Something bites you! Something barely misses you.
Something bites you!
Casting: Agony (safe; 1% risk of failure)
Confirm with . or Enter, or press ? or * to list all spells.
Aiming: Vampiric Draining (safe; 1% risk of failure)
Press: ? - help, Shift-Dir - straight line You feel life coursing into your body.
Something bites you. Something bites you!
* * * LOW HITPOINT WARNING * * *
Something bites you!
* * * LOW HITPOINT WARNING * * *
Something bites you!
You die...
Kikubaaqudgha rasps: "You have failed me!
Welcome... oblivion!"

▒▒▒▒∙∙P∙∙∙▒ ▒▒▒▒▒'▒▒∙
▒▒∙▒∙▒∙▒P∙∙▒▒ ▒∙∙∙∙∙∙▒∙
▒∙∙∙∙∙∙∙∙∙∙∙▒▒ ▒▒▒∙∙▒∙▒∙
▒∙∙∙∙∙∙^∙∙∙∙P▒▒ ▒Z∙∙▒∙∙∙
▒∙∙∙∙>∙∙∙∙∙∙■∙▒▒▒∙▒∙∙▒▒▒
▒∙∙∙∙∙∙∙∙∙∙∙∙∙∙∙▒ZP∙∙∙∙∙
▒∙∙∙∙∙∙∙∙∙∙∙∙)∙∙∙∙∙∙▒▒∙∙
▒∙∙∙∙∙∙∙∙∙∙∙▒▒▒∙■∙▒∙∙∙∙∙
▒▒∙∙∙∙∙∙@{∙∙∙P▒▒∙▒∙∙∙P∙▒%
▒∙∙∙∙∙∙∙∙∙∙∙∙∙▒▒▒▒∙∙∙∙∙∙∙
▒∙∙∙∙∙∙∙∙∙∙∙∙▒▒ ▒▒∙▒▒▒■∙
▒▒▒▒▒▒▒▒▒▒▒P▒▒ ▒▒▒∙∙∙▒
▒▒▒ ▒▒∙∙▒ ▒▒▒▒∙▒∙▒
▒∙∙∙∙∙∙∙ ▒▒∙∙∙∙∙∙ ▒∙∙∙∙∙∙


There were no monsters in sight!

Vanquished Creatures
  4 hydras
  Harold (D:8)
  Pikel (D:5)
  Maurice (D:8)
  A black mamba (Lair:2)
  Joseph (D:9)
  5 spiny frogs
  A rime drake (Lair:1)
  A troll (D:9)
  Prince Ribbit (D:7)
  5 hippogriffs
  5 yaks
  2 basilisks (Lair:2)
  Grum (D:8)
  5 water moccasins
  4 porcupines
  3 orc warriors
  2 black bears
  A sky beast (D:7)
  4 ogres
  2 eyes of draining (D:9)
  2 phantoms (D:5)
  2 centaurs
  10 wolves
  A crocodile (Lair:1)
  Blork the orc (D:4)
  4 big kobolds
  8 bullfrogs
  A wyvern zombie (D:6)
  3 scorpions (D:9)
  3 killer bees (D:8)
  2 howler monkeys (D:4)
  A bullfrog zombie (D:6)
  2 crimson imps
  3 hounds
  A centaur skeleton (D:7)
  A jelly (D:8)
  6 orc priests
  A gnoll shaman (D:5)
  10 orc wizards
  2 iguanas
  3 worker ants
  A hound zombie (D:9)
  2 hound skeletons
  2 worker ant zombies
  Robin (D:4)
  9 gnolls
  13 adders
  A shadow imp (D:5)
  2 oozes
  A worm (D:3)
  A dart slug (D:5)
  3 leopard geckos
  27 orcs
  2 giant cockroaches (D:1)
  10 goblins
  5 hobgoblins
  19 jackals
  7 quokkas
  A ball python (D:3)
  5 bats
  2 frilled lizards
  13 kobolds
  2 leopard gecko skeletons
  A quokka zombie (D:6)
  11 rats
  A plant (D:9)
260 creatures vanquished.

Vanquished Creatures (collateral kills)
  A black mamba (Lair:2)
  A spiny frog (Lair:2)
  A spriggan (Lair:2)
  A water moccasin (Lair:2)
  A wolf (Lair:2)
  A jelly (D:8)
  A crimson imp (D:9)
  An adder (D:8)
  A leopard gecko (D:8)
  A jackal (D:6)
  3 kobolds (D:9)
13 creatures vanquished.

Vanquished Creatures (others)
  3 slaves (D:5)
  3 orcs (D:5)
  12 fungi (D:9)
  2 plants
20 creatures vanquished.

Grand Total: 293 creatures vanquished

Notes
Turn   | Place    | Note
-------+----------+-------------------------------------------
     0 | D:1      | Cab the Mummy Necromancer began the quest for the Orb.
     0 | D:1      | Reached XP level 1. HP: 13/13 MP: 4/4
   134 | D:1      | Reached XP level 2. HP: 15/19 MP: 1/5
   480 | D:1      | Reached XP level 3. HP: 24/24 MP: 2/7
   489 | D:1      | Learned a level 3 spell: Vampiric Draining
   708 | D:1      | Found a shimmering altar of Xom.
   837 | D:2      | Found a deep blue altar of Sif Muna.
   841 | D:2      | Found a glowing silver altar of Zin.
  1056 | D:3      | Reached skill level 5 in Necromancy
  1256 | D:3      | Noticed Sennar25's ghost (amateur CeHu)
  1261 | D:3      | Found a runed translucent door.
  1332 | D:3      | Found an ornate altar of the Wu Jian Council.
  1332 | D:3      | Found a radiant altar of Vehumet.
  1333 | D:3      | Found a glowing golden altar of the Shining One.
  1421 | D:3      | Reached XP level 4. HP: 20/30 MP: 1/9
  1428 | D:3      | Learned a level 4 spell: Animate Dead
  1901 | D:3      | Reached XP level 5. HP: 33/35 MP: 7/11
  2245 | D:3      | Reached skill level 6 in Necromancy
  2747 | D:4      | Found a sparkling altar of Nemelex Xobeh.
  2915 | D:4      | Reached skill level 5 in Spellcasting
  2915 | D:4      | Reached XP level 6. HP: 38/41 MP: 10/13
  3830 | D:4      | Noticed Robin
  3851 | D:4      | Killed Robin
  3953 | D:4      | Noticed Blork the orc
  3963 | D:4      | Killed Blork the orc
  3963 | D:4      | Reached skill level 7 in Necromancy
  4126 | D:5      | Entered Level 5 of the Dungeon
  4166 | D:5      | Reached XP level 7. HP: 18/46 MP: 1/15
  4376 | D:5      | Noticed Pikel
  4401 | D:5      | Killed Pikel
  4401 | D:5      | Reached skill level 8 in Necromancy
  4525 | D:5      | Reached XP level 8. HP: 32/52 MP: 18/18
  5009 | D:5      | Reached skill level 9 in Necromancy
  5801 | D:6      | Found a burning altar of Makhleb.
  5941 | D:6      | Found a sacrificial altar of Ru.
  5972 | D:6      | Found Nol Zuli's Gadget Boutique.
  5996 | D:6      | Found a hazy altar of Hepliaklqana.
  6652 | D:6      | Found a staircase to the Ecumenical Temple.
  6669 | Temple   | Entered the Ecumenical Temple
  6828 | Temple   | Became a worshipper of Kikubaaqudgha
  6947 | D:7      | Reached skill level 10 in Necromancy
  7240 | D:7      | Reached XP level 9. HP: 52/58 MP: 11/21
  7589 | D:7      | Noticed Prince Ribbit
  7592 | D:7      | Killed Prince Ribbit
  8251 | D:8      | Found a transporter.
  8251 | D:8      | Noticed Harold
  8267 | D:8      | Killed Harold
  8267 | D:8      | Reached * piety under Kikubaaqudgha
  8267 | D:8      | Identified Kikubaaqudgha's Papyrus of Evil (Kikubaaqudgha
                  | gifted it to you on level 8 of the Dungeon)
  8267 | D:8      | Received a gift from Kikubaaqudgha
  8267 | D:8      | Reached skill level 10 in Spellcasting
  8267 | D:8      | Reached skill level 11 in Necromancy
  8346 | D:8      | Noticed harness's ghost (novice FeSu)
  8348 | D:8      | Noticed a moth of wrath
  8613 | D:8      | Reached skill level 1 in Fighting
  8688 | D:8      | Found a transporter.
  8735 | D:8      | Noticed Maurice
  8768 | D:8      | Killed Maurice
  8768 | D:8      | Reached skill level 12 in Necromancy
  8768 | D:8      | Reached XP level 10. HP: 49/65 MP: 11/24
  9129 | D:8      | Noticed Grum
  9145 | D:8      | Killed Grum
  9868 | D:9      | Found a staircase to the Lair.
 10376 | D:9      | Reached ** piety under Kikubaaqudgha
 10697 | D:9      | Got citrine-encrusted steam dragon scales
 10698 | D:9      | Identified the +1 steam dragon scales "Qeih" {rElec rC+ rN+
                  | Str+3} (You found it on level 9 of the Dungeon)
 10796 | D:9      | Noticed Joseph
 10815 | D:9      | Killed Joseph
 10884 | D:9      | Reached skill level 13 in Necromancy
 11068 | D:9      | Found a hide-covered altar of Uskayaw.
 11097 | D:9      | Found a staircase to the Orcish Mines.
 11604 | D:9      | Found a bloodstained altar of Trog.
 12137 | D:10     | Entered Level 10 of the Dungeon
 12288 | Lair:1   | Entered Level 1 of the Lair of Beasts
 12294 | Lair:1   | Noticed a seven-headed hydra
 12300 | Lair:1   | Killed a seven-headed hydra
 12311 | D:9      | Reached XP level 11. HP: 59/72 MP: 19/27
 12515 | D:9      | Reached *** piety under Kikubaaqudgha
 12515 | D:9      | Identified Kikubaaqudgha's Almanac of Unholy Arts
                  | (Kikubaaqudgha gifted it to you on level 9 of the Dungeon)
 12515 | D:9      | Received a gift from Kikubaaqudgha
 12525 | D:9      | Learned a level 5 spell: Dispel Undead
 12531 | D:9      | Learned a level 5 spell: Agony
 12537 | D:9      | Learned a level 5 spell: Borgnjor's Vile Clutch
 13033 | Lair:1   | Found a shimmering altar of Xom.
 13033 | Lair:1   | Noticed an oklob plant
 13085 | Lair:1   | Reached skill level 14 in Necromancy
 13349 | Lair:1   | Noticed a four-headed hydra
 13356 | Lair:1   | Killed a four-headed hydra
 13647 | Lair:1   | Noticed a six-headed hydra
 13650 | Lair:1   | Killed a six-headed hydra
 13650 | Lair:1   | Reached skill level 1 in Evocations
 14437 | Lair:2   | Noticed an eight-headed hydra
 14753 | Lair:2   | Reached skill level 15 in Necromancy
 14762 | Lair:2   | Noticed a seven-headed hydra
 14769 | Lair:2   | Killed a seven-headed hydra
 14991 | Lair:2   | Slain by an eight-headed hydra

Skill      XL: |  1  2  3  4  5  6  7  8  9 10 11 |
---------------+----------------------------------+-----
Spellcasting   | 3 4 5 7 8 10 12 13 | 13.4
Necromancy     | 5 6 7 8 10 12 13 15 | 15.1
Fighting       | 1 2 |  2.6
Evocations     | 1 |  1.2
Dodging        | |  1.5
Stealth        | |  1.5

Action                   |  1- 3 |  4- 6 |  7- 9 | 10-12 || total
-------------------------+-------+-------+-------+-------++-------
Melee: Unarmed           |    19 |       |       |       ||    19
       Dagger            |     6 |    84 |   164 |   355 ||   609
 Cast: Pain              |    77 |    71 |   101 |    78 ||   327
       Vampiric Draining |     1 |    14 |    58 |   107 ||   180
       Animate Dead      |       |     2 |     3 |     8 ||    13
       Agony             |       |       |       |    10 ||    10
       Borgnjor's Vile C |       |       |       |     3 ||     3
Evoke: Wand              |       |       |    13 |    16 ||    29
  Use: Scroll            |       |     9 |     5 |     6 ||    20
 Stab: Sleeping          |       |       |     1 |     2 ||     3
       Distracted        |       |       |       |     1 ||     1
Armor: Robe              |    22 |    17 |    23 |    24 ||    86
       Steam dragon scal |       |       |       |    67 ||    67
Dodge: Dodged            |    46 |    59 |   131 |   259 ||   495
Block: Other             |       |    13 |    47 |    73 ||   133
       Reflection        |       |       |     1 |       ||     1
